 Dungeon Crawl Stone Soup version 0.31-a0-121-g1e386dd289 (webtiles) character file.

Game seed: 1415798541264889892

92 mopl the Chiller (level 4, -2/24 HPs)
             Began as a Deep Elf Ice Elementalist on May 31, 2023.
             Slain by Grinder (4 damage)
             ... on level 4 of the Dungeon.
             The game lasted 00:04:09 (2207 turns).

mopl the Chiller (Deep Elf Ice Elementalist)        Turns: 2207, Time: 00:04:09

Health: -2/24      AC: 12    Str:  9    XL:     4   Next: 35%
Magic:  16/21      EV: 17    Int: 22    God:
Gold:   241        SH:  0    Dex: 15    Spells: 5/12 levels left

rFire   . . .        (no weapon)
rCold   . . .        (no shield)
rNeg    . . .        a - +0 robe
rPois   .            d - +0 helmet
rElec   .            f - +0 cloak
rCorr   .            (no gloves)
SInv    .            h - +0 pair of boots
Will    .....        x - amulet of magic regeneration
Stlth   ++           g - ring of magical power
HPRegen 0.24/turn    w - ring of Aphyink {EV+5 Str+4}
MPRegen 0.57/turn

%: no passive effects
@: ice-armoured, freezing walls, studying Unarmed Combat
A: no striking features
a: no special abilities


You were on level 4 of the Dungeon.
You visited 1 branch of the dungeon, and saw 4 of its levels.

You collected 241 gold pieces.

Inventory:

Missiles
 t - 3 poisoned darts
Armour
 a - a +0 robe (worn)
 d - a +0 helmet (worn)
 f - a +0 cloak (worn)
 h - a +0 pair of boots (worn)
Jewellery
 g - a ring of magical power (left hand)
 m - an amulet of faith {!P}
 w - the ring of Aphyink (right hand) {EV+5 Str+4}
   (You found it on level 3 of the Dungeon)

   [ring of evasion]

   EV:        It affects your evasion (+5).
   Str:       It affects your strength (+4).
 x - an amulet of magic regeneration (around neck)
Scrolls
 e - a scroll of fog {unknown}
 j - 2 scrolls of noise {unknown}
 l - a scroll of acquirement {unknown}
 n - a scroll of immolation {unknown}
 o - a scroll of identify {unknown}
 s - a scroll of amnesia {unknown}
 u - a scroll of brand weapon {unknown}
 v - a scroll of poison {unknown}
Potions
 b - a potion of magic
 c - 2 potions of curing {unknown}
 i - a potion of invisibility {unknown}
 k - 2 potions of enlightenment {unknown}
 p - a potion of cancellation {unknown}
 q - 2 potions of mutation {unknown}
 r - a potion of lignification {unknown}


   Skills:
 + Level 0.5 Fighting
 - Level 2.4 Dodging
 - Level 2.4 Stealth
 + Level 4.8 Spellcasting
 + Level 5.4 Ice Magic


You had 5 spell levels left.
You knew the following spells:

 Your Spells              Type           Power      Damage    Failure   Level
a - Freeze                Ice            100%       1d10      1%          1
b - Frozen Ramparts       Ice            58%        1d9       3%          3
s - Ozocubu's Armour      Ice            29%        N/A       3%          3

Your spell library contained the following spells:

 Spells                   Type           Power      Damage    Failure   Level
 Summon Ice Beast         Ice/Summ       17%        N/A       32%         4


Dungeon Overview and Level Annotations

Branches:
Dungeon (4/15)
 Temple: D:4-7

Altars:

Annotations:
D:3 dig
D:4 Grinder


Message History

You can move again.
Unknown command.
Casting: Frozen Ramparts (quite dangerous; 3% risk of failure)
Confirm with . or Enter, or press ? or * to list all spells.
The spell is quite dangerous to miscast (3% risk of failure)!
Continue anyway?
A film of ice covers your body!
Grinder completely resists.
The wall freezes Grinder but does no damage.
Grinder hits you but does no damage.
Press: ? - help, v - describe, . - travel
Here: Grinder (moderately wounded)
The floor.
Casting: Ozocubu's Armour (quite dangerous; 3% risk of failure)
Confirm with . or Enter, or press ? or * to list all spells.
Aiming: Freeze (safe; 1% risk of failure)
Press: ? - help, Shift-Dir - straight line, f - Grinder
Aim: Grinder (moderately wounded)
You freeze Grinder.
Grinder resists.
Grinder is moderately wounded.
Grinder completely resists.
The wall freezes Grinder but does no damage.
Grinder misses you.
You hit Grinder but do no damage.
Grinder is moderately wounded.
Grinder resists.
The wall freezes Grinder.
Grinder closely misses you.
You hit Grinder but do no damage.
Grinder is moderately wounded.
The frozen ramparts melt away.
Grinder hits you.
You writhe in agony.
* * * LOW HITPOINT WARNING * * *
Casting: Freeze (safe; 1% risk of failure)
Confirm with . or Enter, or press ? or * to list all spells.
The spell is quite dangerous to miscast (3% risk of failure)!
Continue anyway?
Casting: Frozen Ramparts (quite dangerous; 3% risk of failure)
Press: ? - help, Dir - look around, f - activate The walls around you are covered in ice.
Grinder completely resists.
The wall freezes Grinder but does no damage.
Grinder hits you.
* * * LOW HITPOINT WARNING * * *
You writhe in agony.
You die...

#.. #..##.# #.
####..##.# #.
#........#
#..#.....####
.........#
ยง........###.#
#####.......#
#.5...######
#@###.# #.# #.#
..# #.# .###
#.# ## #.# #.#
.#


You could see Grinder.

Vanquished Creatures
  3 adders
  A worm (D:3)
  3 dart slugs
  2 bats
  7 endoplasms
  4 giant cockroaches (D:1)
  6 goblins
  3 hobgoblins
  4 quokkas
  8 ball pythons
  5 kobolds
  8 rats
54 creatures vanquished.

Notes
Turn   | Place    | Note
-------+----------+-------------------------------------------
     0 | D:1      | mopl the Deep Elf Ice Elementalist began the quest for the
                  | Orb.
     0 | D:1      | Reached XP level 1. HP: 10/10 MP: 6/6
   110 | D:1      | Reached XP level 2. HP: 15/15 MP: 5/8
   474 | D:1      | Found a faded altar of an unknown god.
   569 | D:1      | Reached skill level 4 in Spellcasting
   737 | D:1      | Reached skill level 5 in Ice Magic
   737 | D:1      | Reached XP level 3. HP: 19/19 MP: 10/10
   741 | D:1      | Learned a level 3 spell: Frozen Ramparts
   745 | D:1      | Learned a level 3 spell: Ozocubu's Armour
  1548 | D:3      | Reached XP level 4. HP: 17/24 MP: 12/12
  1603 | D:3      | Noticed an orc warrior
  2067 | D:3      | Identified the ring of Aphyink {EV+5 Str+4}
  2152 | D:4      | Noticed Grinder
  2169 | D:4      | Paralysed by Grinder for 4 turns
  2182 | D:4      | Paralysed by Grinder for 5 turns
  2199 | D:4      | Paralysed by Grinder for 4 turns
  2207 | D:4      | Slain by Grinder

Illustrated notes

Levels and vault maps discovered:
D:1:      wander_arrival_chamber, layout_basic,
          hellmonk_ecumenical_altar_leap_of_faith
D:2:      layout_basic, kennysheep_generic_room_16
D:3:      layout_basic, minmay_stone_trees_small, hangedman_decor_push,
          lightli_corner_chamber
D:4:      layout_basic, item_on_display_a, uniq_duvessa, uniq_grinder

Skill      XL: |  1  2 |
---------------+-------+-----
Spellcasting   | 4 |  4.8
Ice Magic      | 5 |  5.4
Fighting       | |  0.5
Dodging        | |  2.4
Stealth        | |  2.4

Action                     |  1- 3 |  4- 6 || total
---------------------------+-------+-------++-------
  Melee: Unarmed           |    10 |     5 ||    15
   Cast: Freeze            |    64 |    26 ||    90
         Frozen Ramparts   |       |     5 ||     5
         Ozocubu's Armour  |       |     2 ||     2
 Armour: Robe              |     8 |     7 ||    15
  Dodge: Dodged            |    37 |    15 ||    52

Table legend: (Time is in decaauts)
 A = Elapsed time spent in this place.
 B = Non-inter-level travel time spent in this place.
 C = Inter-level travel time spent in this place.
 D = Time resting spent in this place.
 E = Time spent auto-exploring this place.
 F = Levels seen in this place.
 G = Mean time per level.
                   A        B        C        D        E       F      G
               +--------+--------+--------+--------+--------+-----+--------+
         Total |   2205 |   2116 |     89 |    112 |   1579 |   4 |  551.2 |
       Dungeon |   2205 |   2116 |     89 |    112 |   1579 |   4 |  551.2 |
               +--------+--------+--------+--------+--------+-----+--------+

Top non-repeatable levels by time:
     D:1: 801 daAuts
     D:3: 699 daAuts
     D:2: 622 daAuts
     D:4: 81 daAuts
